 Dungeon Crawl Stone Soup version 0.31-a0-833-gc15d34cb79 (webtiles) character file.

Game seed: 2101192017625989486

102 mcwallace the Chiller (level 4, -2/22 HPs)
             Began as a Vine Stalker Ice Elementalist on Sept 25, 2023.
             Splashed by a jelly's acid (7 damage)
             ... on level 2 of the Dungeon.
             The game lasted 00:08:50 (2187 turns).

mcwallace the Chiller (VSIE)                        Turns: 2187, Time: 00:08:50

Health: -2/22      AC: -5    Str: 10    XL:     4   Next: 77%
Magic:  0/9        EV: 12    Int: 17    God:
Gold:   109        SH:  0    Dex: 15    Spells: 2/9 levels left

rFire   . . .        o - +2 short sword (venom) {short}
rCold   . . .        (no shield)
rNeg    . . .        a - +0 robe
rPois   .            n - +0 helmet
rElec   .            (no cloak)
rCorr   .            (no gloves)
SInv    .            (no boots)
Will    .....        (no amulet)
Stlth   ++           (no ring)
HPRegen 1.03/turn    (no ring)
MPRegen 0.11/turn

%: guardian spirit
@: corroded, freezing walls
A: fangs 2, regeneration 1, magic shield, antimagic bite, no potion heal 2
a: no special abilities


You were on level 2 of the Dungeon.
You visited 1 branch of the dungeon, and saw 2 of its levels.

You collected 109 gold pieces.


Innate Abilities, Weirdness & Mutations

You have extremely sharp teeth.
Your natural rate of healing is unusually fast.
When hurt, damage is shared between your health and your magic reserves.
Your bite disrupts and absorbs the magic of your enemies.
Potions cannot restore your health.


   Skills:
 + Level 1.6 Fighting
 + Level 2.3 Dodging
 - Level 2.4 Stealth
 + Level 3.1 Spellcasting
 + Level 4.5 Ice Magic


You had 2 spell levels left.
You knew the following spells:

 Your Spells              Type           Power      Damage    Failure   Level
a - Freeze                Ice            72%        1d8       2%          1
b - Frozen Ramparts       Ice            36%        1d6       9%          3
c - Ozocubu's Armour      Ice            18%        N/A       9%          3

Your spell library contained the following spells:

 Spells                   Type           Power      Damage    Failure   Level
 Lesser Beckoning         Tloc           4%         N/A       26%         2
 Gell's Gravitas          Tloc           2%         N/A       45%         3
 Teleport Other           Tloc           2%         N/A       45%         3
 Summon Ice Beast         Ice/Summ       10%        N/A       56%         4

Inventory:

Hand Weapons
 d - a +0 long sword {long}
   (You found it on level 1 of the Dungeon)
 o - a +2 short sword of venom (weapon) {short}
   (You took it off a kobold on level 2 of the Dungeon)
 p - a +0 whip of electrocution {mace}
   (You took it off a kobold on level 2 of the Dungeon)
Missiles
 e - 27 stones {throwing}
Armour
 a - a +0 robe (worn)
 h - a +0 leather armour
   (You found it on level 2 of the Dungeon)
 j - a +0 leather armour
   (You found it on level 2 of the Dungeon)
 m - a +0 animal skin
   (You took it off Robin on level 2 of the Dungeon)
 n - a +0 helmet (worn)
   (You took it off Robin on level 2 of the Dungeon)
Wands
 k - a wand of charming (6)
   (You found it on level 2 of the Dungeon)
Scrolls
 f - a scroll of teleportation {unknown}
 g - 2 scrolls of fear {unknown}
 i - a scroll of noise {unknown}
 l - a scroll of enchant weapon {unknown}
Potions
 b - a potion of magic
 c - a potion of mutation {unknown}

Dungeon Overview and Level Annotations

Branches:
Dungeon (2/15) Zot: 9766

Altars:

######.#######.....## #.......
.......#...##.......######.#####.
.........#.##.......##.....#)....
...........##)......##.######.##.
..........###.......##........#..
#.........# ####....######......<
+.........###..'....# #†######
#.......#.##.######## #.####..
#..%....#.###...@JJ## #.#.....
#########.# #######'# #.#.##.#
#...##.# JP.JJP.P.#####.#.##.#
####...##.# JP..J.JP.##....#.##†#
..........# ...PJP.P.##.####.##.#
####...#### .P.J.....##.####.#...
####...# .÷.P.P.P÷##......###.
+.##...# (..P÷÷...##..........
#......# ###########..<.......


You could see a jelly and an endoplasm.


Message History

You lost 1 mp, and now have 0/9 mp.
A kobold is nearby! 😎 HP[+16] MP[+5]
Your hp is fully restored (22).
You regained 5 mp, and now have 5/9 mp.
Casting: Freeze (safe; 2% risk of failure)
Confirm with . or Enter, or press ? or * to list all spells.
Casting: Frozen Ramparts (quite dangerous; 9% risk of failure)
Press: ? - help, Dir - look around, f - activate The walls around you are covered in ice.
The kobold shouts! 😎 MP[-3]
You lost 3 mp, and now have 2/9 mp.
The wall freezes the kobold but does no damage.
The wall freezes the kobold. 😎 MP[+1]
The wall freezes the kobold but does no damage.
The kobold closely misses you.
The wall freezes the kobold.
The kobold hits you with a +0 club. 😕 HP[-2] MP[-1]
You take 2 damage, and now have 20/22 hp.
You lost 1 mp, and now have 2/9 mp.
You hit the kobold.
You kill the kobold! 😎 HP[+2]
Your hp is fully restored (22).
The frozen ramparts melt away.
o - a +2 short sword of venom {short};
p - a +0 whip of electrocution {mace}
e - 21 stones {throwing} (gained 1)
Things that are here:
a +0 club {mace}; a kobold corpse 😎 MP[+7]
Your mp is fully restored (9).
Your +2 short sword of venom {short} begins to drip with poison!
o - a +2 short sword of venom (weapon)
{short}
e - 24 stones {throwing} (gained 3)
Items here: ))))) ††††.
There is an open gate here.
You now have 109 gold pieces (gained 18).
There is an open door here.
A kobold comes into view. It is wielding a +0 dagger.
The kobold shouts!
The kobold closely misses you.
You completely miss the kobold. Your bite misses the kobold.
The kobold misses you.
You hit the kobold.
The kobold is poisoned.
You bite the kobold.
You kill the kobold!
No target in view!
No target in view!
No target in view!
e - 27 stones {throwing} (gained 3)
You see here a +0 dagger {short}.
As you open the door, it creaks loudly!
A jelly and an endoplasm come into view.
The jelly quivers.
The endoplasm quivers.
There are monsters nearby!
There are monsters nearby!
There are monsters nearby! 2 jellies and 6 endoplasms come into view.
The endoplasm quivers. x2
The endoplasm hits the toadstool but does no damage.
The endoplasm hits the toadstool.
There is an open door here.
The endoplasm quivers.
You hit the jelly. The acid corrodes you!
Your hands burn!
You bite the jelly, but do no damage.
The endoplasm hits the fungus.
The fungus begins to die.
The endoplasm hits the fungus.
The fungus begins to die.
The jelly hits the toadstool.
The toadstool is splashed with acid.
The acid corrodes the toadstool!
The toadstool is destroyed!
The jelly hits you.
You are splashed with acid!
The endoplasm hits the toadstool but does no damage.
The endoplasm hits the toadstool.
The toadstool is destroyed! 😮 HP[-8] MP[-5]
You take 8 damage, and now have 14/22 hp.
MASSIVE DAMAGE!! (PAUSE)
You lost 5 mp, and now have 4/9 mp.
The endoplasm hits the fungus.
The fungus begins to die. 😮 HP[+1]
You see here a +0 dagger {short}. 😮 HP[+1] 😕 HP[+1]
Casting: Frozen Ramparts (quite dangerous; 9% risk of failure)
Confirm with . or Enter, or press ? or * to list all spells.
Casting: Frozen Ramparts (quite dangerous; 9% risk of failure)
Press: ? - help, Dir - look around, f - activate The walls around you are covered in ice.
The wall freezes the jelly.
The jelly hits you.
You are splashed with acid!
* * * LOW HITPOINT WARNING * * *
The wall freezes the endoplasm but does no damage. 😨 HP[-9] MP[-3]
You take 9 damage, and now have 8/22 hp.
MASSIVE DAMAGE!! (PAUSE)
You lost 3 mp, and now have 1/9 mp.
You hit the jelly. The acid corrodes you!
Your hands burn!
* * * LOW HITPOINT WARNING * * *
You punch the jelly.
The wall freezes the jelly.
The jelly hits you.
* * * LOW HITPOINT WARNING * * *
The acid corrodes you!
You are splashed with acid!
You die...

Skill      XL: |  1  2  3  4 |
---------------+-------------+-----
Dodging        | 2 |  2.3
Fighting       | 1 |  1.6
Spellcasting   | 3 |  3.1
Stealth        | |  2.4
Ice Magic      | |  4.5

Action                     |  1- 3 |  4- 6 || total
---------------------------+-------+-------++-------
  Melee: Long sword        |    91 |    25 ||   116
         Bite              |    16 |    10 ||    26
         Unarmed           |     1 |       ||     1
         Punch             |     3 |     1 ||     4
         Short sword       |       |     4 ||     4
   Cast: Freeze            |    14 |     9 ||    23
         Frozen Ramparts   |       |     4 ||     4
   Stab: Sleeping          |     8 |     1 ||     9
 Armour: Robe              |    59 |    23 ||    82
  Dodge: Dodged            |    64 |    26 ||    90

Levels and vault maps discovered:
D:1:      scummos_arrival_forest, layout_basic, serial_glass, glass_columns_a,
          glass_columns_a, glass_columns_a, glass_columns_c, glass_columns_a,
          glass_columns_c, glass_columns_b, glass_columns_c, feat_on_display,
          due_unseen_surprise, serial_shops, shop
D:2:      cheibrodos_fertilizer, layout_basic, small_statue_intersection,
          uniq_robin

Notes
Turn   | Place    | Note
-------+----------+-------------------------------------------
     0 | D:1      | mcwallace the Vine Stalker Ice Elementalist began the quest
                  | for the Orb.
     0 | D:1      | Reached XP level 1. HP: 9/9 MP: 4/4
     0 | D:1      | magus.rc [v1.9.6]
   113 | D:1      | Found Iblublan's Magic Scroll Shop.
   223 | D:1      | Reached XP level 2. HP: 14/14 MP: 1/6
   390 | D:1      | You pick up a book of Displacement and begin reading...
   390 | D:1      | You add the spells Lesser Beckoning, Gell's Gravitas and
                  | Teleport Other to your library.
   640 | D:1      | Reached skill level 2 in Dodging
   640 | D:1      | Reached XP level 3. HP: 17/17 MP: 7/7
   733 | D:1      | Reached skill level 1 in Fighting
  1111 | D:1      | Learned a level 3 spell: Frozen Ramparts
  1115 | D:1      | Learned a level 3 spell: Ozocubu's Armour
  1515 | D:2      | Reached XP level 4. HP: 22/22 MP: 9/9
  1625 | D:2      | Noticed Robin
  1647 | D:2      | Reached skill level 3 in Spellcasting
  1924 | D:2      | Killed Robin
  2030 | D:2      | HP: 4/22 [kobold/+0 whip of electrocution (12)]
  2187 | D:2      | HP: 5/22 [acid (3)]
  2187 | D:2      | Splashed by a jelly's acid

Vanquished Creatures
  Robin (D:2)
  A gnoll (D:1)
  2 worms (D:2)
  2 dart slugs
  3 bats
  An endoplasm (D:2)
  4 giant cockroaches
  6 hobgoblins
  4 quokkas
  3 ball pythons (D:1)
  10 frilled lizards
  13 goblins
  15 kobolds
  3 rats
68 creatures vanquished.

Table legend:
 A = Non-vault XP
 B = Vault XP
 C = Vault XP percentage of total XP
 D = Non-vault monster count
 E = Vault monster count
 F = Vault count percentage of total count
                 A         B        C        D         E       F
            +---------+---------+-------+---------+---------+-------
      Total |      93 |      53 |  36.3 |      46 |      22 |  32.4
            +---------+---------+-------+---------+---------+-------
        D:1 |      53 |       0 |   0.0 |      24 |       0 |   0.0
        D:2 |      40 |      53 |  57.0 |      22 |      22 |  50.0
            +---------+---------+-------+---------+---------+-------

Skill      XL: |  1  2  3  4 |
---------------+-------------+-----
Dodging        | 2 |  2.3
Fighting       | 1 |  1.6
Spellcasting   | 3 |  3.1
Stealth        | |  2.4
Ice Magic      | |  4.5

Action                     |  1- 3 |  4- 6 || total
---------------------------+-------+-------++-------
  Melee: Long sword        |    91 |    25 ||   116
         Bite              |    16 |    10 ||    26
         Unarmed           |     1 |       ||     1
         Punch             |     3 |     1 ||     4
         Short sword       |       |     4 ||     4
   Cast: Freeze            |    14 |     9 ||    23
         Frozen Ramparts   |       |     4 ||     4
   Stab: Sleeping          |     8 |     1 ||     9
 Armour: Robe              |    59 |    23 ||    82
  Dodge: Dodged            |    64 |    26 ||    90

Illustrated notes

Table legend:
 A = Kills in this place as a percentage of kills in the entire game.
 B = Kills by you in this place as a percentage of kills by you in the entire game.
 C = Kills by friends in this place as a percentage of kills by friends in the entire game.
 D = Other kills in this place as a percentage of other kills in the entire game.
 E = Experience gained in this place as a percentage of experience gained in the entire game.
 F = Experience gained in this place divided by the number of levels of this place that you have seen.
                   A       B       C       D       E      F
               +-------+-------+-------+-------+-------+----------------------
         Total | 100.0 | 100.0 |   N/A |   N/A | 100.0 |  73.0
       Dungeon | 100.0 | 100.0 |   N/A |   N/A | 100.0 |  73.0
               +-------+-------+-------+-------+-------+----------------------

Table legend: (Time is in decaauts)
 A = Elapsed time spent in this place.
 B = Non-inter-level travel time spent in this place.
 C = Inter-level travel time spent in this place.
 D = Time resting spent in this place.
 E = Time spent auto-exploring this place.
 F = Levels seen in this place.
 G = Mean time per level.
                   A        B        C        D        E       F      G
               +--------+--------+--------+--------+--------+-----+--------+
         Total |   2232 |   2210 |     22 |    100 |   1644 |   2 | 1116.0 |
       Dungeon |   2232 |   2210 |     22 |    100 |   1644 |   2 | 1116.0 |
               +--------+--------+--------+--------+--------+-----+--------+

Top non-repeatable levels by time:
     D:1: 1140 daAuts
     D:2: 1091 daAuts
